AoeStats
← omerfarukyilmazpdr

Arabia

506328100Analyzed
1v1 RM · 20d ago on Sep 13, 2026· 59m 13s· 2 players
Game mode
Random Map
Map size
Tiny (2 player)
Population
200
Speed
Normal
Resources
Standard
Victory
Conquest
Starting age
Dark Age
Ending age
Imperial Age
RankedLock teamsTeams togetherTeam positionsShared explorationLock speedFull tech treeHidden civsTurbo modeCheats
Victory
Defeat
🇦🇷 Byzantines · Argentina
730
+18
🇹🇷 Byzantines · Türkiye
773
-18
wiskas
7:59 Loom
11:03 Feudal Age
11:46 Double-Bit Axe
14:34 Horse Collar
19:25 Wheelbarrow
22:25 Castle Age
21:22 Fletching
21:33 Padded Archer Armor
21:55 Forging
23:10 Crossbowman
23:11 Elite Skirmisher
23:25 Crossbowman
23:25 Elite Skirmisher
24:11 Thumb Ring
24:34 Gold Mining
25:30 Pikeman
33:43 Bow Saw
34:46 Heavy Plow
38:55 Squires
38:59 Bodkin Arrow
39:22 Stone Mining
40:11 Gold Shaft Mining
43:16 Imperial Age
41:10 Leather Archer Armor
42:13 Hand Cart
42:26 Husbandry
41:47 Light Cavalry
44:27 Conscription
44:34 Conscription
44:49 Bracer
45:11 Arbalester
47:09 Crop Rotation
47:41 Two-Man Saw
48:23 Stone Shaft Mining
53:46 Hoardings
53:24 Hussar
55:27 Hoardings
56:47 Ring Archer Armor
56:53 Iron Casting
56:24 Scale Barding Armor
56:20 Scale Mail Armor
omerfarukyilmazpdr
9:43 Feudal Age
10:15 Double-Bit Axe
10:13 Horse Collar
15:47 Loom
17:33 Man-at-Arms
23:20 Scale Mail Armor
23:20 Padded Archer Armor
23:12 Fletching
23:33 Forging
33:40 Arson
36:24 Castle Age
35:05 Wheelbarrow
35:28 Scale Barding Armor
36:29 Stone Mining
36:32 Gold Mining
37:04 Elite Skirmisher
37:18 Long Swordsman
37:44 Gambesons
40:29 Chain Barding Armor
40:32 Leather Archer Armor
41:00 Bow Saw
40:53 Heavy Plow
44:55 Imperial Age
42:46 Hand Cart
42:48 Husbandry
43:27 Iron Casting
43:10 Chain Mail Armor
45:53 Hand Cart
46:39 Conscription
47:07 Logistica
46:48 Heavy Camel Rider
48:23 Crop Rotation
54:00 Arrowslits
54:00 Treadmill Crane
55:31 Cavalier
58:12 Plate Barding Armor
Connection lost

Rejoining the realm…

Still unreachable

The connection could not be restored.

Session expired

The server has moved on; the page needs a fresh start.